 Dungeon Crawl Stone Soup version 0.29.1-1-gd02db6906a (webtiles) character file.

Game seed: 7221918805474291392

155 Ashen the Chiller (level 5, 23/36 HPs)
             Began as a Demonspawn Ice Elementalist on Oct 9, 2022.
             Got out of the dungeon alive.
             The game lasted 00:07:14 (2894 turns).

Ashen the Chiller (Demonspawn Ice Elementalist)     Turns: 2894, Time: 00:07:15

Health: 23/36      AC:  4    Str:  8    XL:     5   Next: 14%
Magic:  9/9        EV: 12    Int: 18    God:
Gold:   170        SH:  5    Dex: 14    Spells: 2/9 levels left

rFire   . . .      SeeInvis .   o - +0 rapier
rCold   . . .      Faith    .   (no shield)
rNeg    . . .      Spirit   .   a - +0 robe
rPois   +          Reflect  +   (no helmet)
rElec   .          Harm     .   l - +1 cloak
rCorr   .          Rampage  .   (no gloves)
Will    .....                   (no boots)
Stlth   ++........              p - amulet of reflection
HPRegen 0.12/turn               i - ring of poison resistance
MPRegen 0.11/turn               (no ring)

@: no status effects
A: powered by death 1, demonic magic 1
a: no special abilities


You escaped.
You visited 1 branch of the dungeon, and saw 3 of its levels.

You collected 170 gold pieces.

Inventory:

Hand Weapons
 f - a +0 dagger
 o - a +0 rapier (weapon)
Armour
 a - a +0 robe (worn)
 l - a +1 cloak (worn)
Jewellery
 i - a ring of poison resistance (left hand)
 p - an amulet of reflection (around neck)
Wands
 k - a wand of polymorph (4)
Scrolls
 d - a scroll of teleportation {unknown}
 j - a scroll of magic mapping {unknown}
 m - a scroll of identify {unknown}
 s - a scroll of amnesia {unknown}
Potions
 b - 2 potions of magic
 c - 2 potions of might {unknown}
 e - 4 potions of curing {unknown}
 g - a potion of lignification {unknown}
 h - a potion of degeneration {unknown}
 n - a potion of cancellation {unknown}
 q - a potion of heal wounds {unknown}
 r - 2 potions of berserk rage {unknown}


   Skills:
 + Level 0.3 Fighting
 + Level 0.2 Short Blades
 + Level 2.7 Dodging
 * Level 3.0 Stealth
 * Level 2.9 Spellcasting
 * Level 4.2 Ice Magic


You had 2 spell levels left.
You knew the following spells:

 Your Spells              Type           Power      Damage    Failure   Level
a - Freeze                Ice            72%        1d9       2%          1
b - Frozen Ramparts       Ice            36%        1d6       9%          3
c - Ozocubu's Armour      Ice            18%        N/A       9%          3

Your spell library contained the following spells:

 Spells                   Type           Power      Damage    Failure   Level
 Hailstorm                Conj/Ice       10%        3d5       56%         4


Dungeon Overview and Level Annotations

Branches:
Dungeon (3/15)

Altars:
Gozag


Innate Abilities, Weirdness & Mutations

You regenerate a little health from kills.
Spells you cast may paralyse adjacent enemies.


Message History

The gnoll evaporates and reforms as an orc!
The wall freezes the orc.
The orc picks up a +0 halberd.
The orc wields a +0 halberd.
The wall freezes the orc.
You kill the orc!
The gnoll returns to its original shape as it dies.
The frozen ramparts melt away as you move.
Found a chain mail.
Found a green potion.
Things that are here:
a +0 halberd; a gnoll corpse
e - 4 purple potions (gained 1)
Your magical contamination has completely faded away.
q - a yellow potion You see here a +0 chain mail.
Found an opulent altar of Gozag.
r - a green potion You now have 170 gold pieces (gained 4).
Things that are here:
a +0 halberd; a gnoll corpse You see here a +0 club.
Found a stone staircase leading down.
r - 2 green potions (gained 1)
Things that are here:
a +0 club; a +0 dagger; a hobgoblin corpse
s - a scroll labelled QEWASK WIMYFIL
Things that are here:
a +0 dagger; 8 poisoned darts A quokka comes into view.
There is a stone staircase leading up, spattered with blood here.
You climb upwards.
There is a stone staircase leading down here.
There is an escape hatch in the ceiling, spattered with blood here.
A mysterious force pulls you upwards. The hatch slams shut behind you.
Magic restored.
You enter the shallow water.
Moving in this stuff is going to be slow.
There is a staircase leading out of the dungeon here.
Are you sure you want to leave the Dungeon?
This will make you lose the game!
You have escaped!

#.##............>....#.....#
#.##.................#.....#
###
##.##....###................#
#..
....#.#....###.####.........#
#.#
##....#..#.~♣♣♣♣♣♣♣♣♣~......#
#..
#...##..#~~♣≈♣≈≈≈≈≈♣~~######
#.# #.......#♣≈~~~~~~~~~≈♣# #>#
##..##.##♣≈~~~~~~~~~≈♣ #.#
#..##.# ♣♣~~~~@~~~~≈♣##### #.#
#..##.## ♣~~~~~~~~~≈♣....# #.#
#..#...#♣♣~~~~~~~~~≈♣.##.# #.#
#[...#..~~♣≈♣♣≈≈♣♣≈~~.##.# #.#
#...###..~♣♣♣♣♣♣♣♣♣~..##.####.#
##...#).### #..........)....#
#.#...############.#.##......#
#.###.##...........#.#########
#.##...#.###########.#


There were no monsters in sight!

Vanquished Creatures
  A hound (D:3)
  A hound skeleton (D:2)
  5 gnolls
  2 adders (D:2)
  A worm (D:2)
  2 orcs (D:3)
  3 endoplasms
  2 giant cockroaches
  7 goblins
  6 hobgoblins
  6 kobolds
  2 ball pythons (D:1)
  A ball python skeleton (D:2)
  4 bats
  3 rats (D:1)
46 creatures vanquished.

Vanquished Creatures (others)
  3 withered plants (D:2)
3 creatures vanquished.

Grand Total: 49 creatures vanquished

Notes
Turn   | Place    | Note
-------+----------+-------------------------------------------
     0 | D:1      | Ashen the Demonspawn Ice Elementalist began the quest for
                  | the Orb.
     0 | D:1      | Reached XP level 1. HP: 13/13 MP: 3/3
   657 | D:1      | Gained mutation: Spells you cast may paralyse adjacent
                  | enemies. [demonic ancestry]
   657 | D:1      | Reached XP level 2. HP: 15/19 MP: 3/5
  1109 | D:1      | Found a faded altar of an unknown god.
  1466 | D:2      | Reached XP level 3. HP: 24/24 MP: 6/6
  1814 | D:1      | Learned a level 3 spell: Frozen Ramparts
  1818 | D:1      | Learned a level 3 spell: Ozocubu's Armour
  1988 | D:2      | Reached skill level 4 in Ice Magic
  2244 | D:2      | Reached XP level 4. HP: 17/30 MP: 7/7
  2829 | D:3      | Gained mutation: You regenerate a little health from kills.
                  | [demonic ancestry]
  2829 | D:3      | Reached XP level 5. HP: 14/35 MP: 2/9
  2844 | D:3      | Found an opulent altar of Gozag.
  2894 | D:$      | Got out of the dungeon alive.

Illustrated notes

Levels and vault maps discovered:
D:1:      reono_arrival_forest_river, layout_loops_ring,
          hellmonk_ecumenical_altar_lost_god
D:2:      layout_loops_cross, serial_undead, serial_undead_f, serial_undead_c,
          serial_undead_c, serial_undead_c
D:3:      layout_loops_ring, mainiacjoe_overflow_small_starburst,
          pdpol_wu_jian_five_deadly_venoms

Skill      XL: |  1  2  3  4 |
---------------+-------------+-----
Dodging        | 2 |  2.7
Stealth        | 2 3 |  3.0
Ice Magic      | 4 |  4.2
Fighting       | |  0.3
Short Blades   | |  0.2
Spellcasting   | |  2.9

Action                   |  1- 3 |  4- 6 || total
-------------------------+-------+-------++-------
Melee: Unarmed           |    11 |       ||    11
       Dagger            |    46 |       ||    46
       Rapier            |    10 |    17 ||    27
 Cast: Freeze            |    35 |     7 ||    42
       Frozen Ramparts   |       |     1 ||     1
Evoke: Wand              |       |     1 ||     1
 Stab: Sleeping          |     5 |     1 ||     6
       Paralysed         |     8 |     4 ||    12
Armor: Robe              |    19 |     4 ||    23
Dodge: Dodged            |    46 |    21 ||    67
Block: Other             |       |     4 ||     4
